BLB
BATAVIA MUCKDOGS @ CAROLINA TOBS
05/19/2060
 
TOP OF THE 1ST
Batavia Muckdogs batting - Pitching for Carolina Tobs : RHP Joe Hodo
Pitching: RHP Joe Hodo
Batting: RHB Zeke Lebron 0-0: Foul Ball, location: 2F
0-1: Foul Ball, location: 2F
0-2: Ball
1-2: Ball
2-2: Ball
3-2: TRIPLE (Flyball, 7LD, EV 96.2 MPH)
Batting: RHB Robbie McGath 0-0: Bunted foul
0-1: Foul Ball, location: 2F
0-2: Strikes out swinging
Batting: LHB Donald Dworkin 0-0: Called Strike
0-1: Ball
1-1: Swinging Strike
1-2: Ball
2-2: Strikes out swinging
Batting: LHB Edward Schachter 0-0: Called Strike
0-1: Ball
1-1: SINGLE (Groundball, 4D, EV 105.0 MPH)
Zeke Lebron scores
Batting: RHB R.J. McCarthy 0-0: Called Strike
0-1: Ball
1-1: Called Strike
1-2: Ball
2-2: Strikes out swinging
Top of the 1st over - 1 run, 2 hits, 0 errors, 1 left on base; Batavia 1 - Carolina 0
BOTTOM OF THE 1ST
Carolina Tobs batting - Pitching for Batavia Muckdogs : RHP Devin Behring
Pitching: RHP Devin Behring
Batting: SHB Sean Benjamin 0-0: Ball
1-0: Called Strike
1-1: Ball
2-1: Ball
3-1: Swinging Strike
3-2: Fly out, F7 (Flyball, 7, EV 79.4 MPH)
Batting: LHB Spencer DeSimone 0-0: Ball
1-0: Called Strike
1-1: Foul Ball, location: 2F
1-2: Ball
2-2: Foul Ball, location: 2F
2-2: Ball
3-2: Foul Ball, location: 2F
3-2: Base on Balls
Batting: LHB Trent West 0-0: Ball
1-0: Called Strike
1-1: Ball
2-1: Ball
3-1: Base on Balls
Spencer DeSimone to second
Batting: LHB Evan Turner 0-0: Foul Ball, location: 2F
0-1: Ball
1-1: Ball
2-1: 3-RUN HOME RUN (Flyball, 8RXD, EV 111.9 MPH), Distance : 423 ft
Batting: RHB Marcus Fahr 0-0: SINGLE (Line Drive, 5D, EV 88.1 MPH)
Batting: LHB Kyle Siebert 0-0: Ball
1-0: Fly out, F9 (Flyball, 9LS, EV 72.5 MPH)
Batting: RHB Rykeem Potts 0-0: Called Strike
0-1: Ball
1-1: Ball
2-1: Foul Ball, location: 2F
2-2: Foul Ball, location: 2F
2-2: SINGLE (Groundball, 56D, EV 98.1 MPH)
Marcus Fahr to second
Batting: LHB Clay Newhouse 0-0: Swinging Strike
0-1: Ball
1-1: Foul Ball, location: 2F
1-2: Strikes out swinging
Bottom of the 1st over - 3 runs, 3 hits, 0 errors, 2 left on base; Batavia 1 - Carolina 3
TOP OF THE 2ND
Batavia Muckdogs batting - Pitching for Carolina Tobs : RHP Joe Hodo
Batting: RHB Wade Cummins 0-0: Foul Ball, location: 2F
0-1: Swinging Strike
0-2: Ball
1-2: Strikes out swinging
Batting: RHB Colby Cooper 0-0: Called Strike
0-1: Ball
1-1: Called Strike
1-2: Foul Ball, location: 2F
1-2: Strikes out looking
Batting: RHB Destin Fransen 0-0: Ball
1-0: Ball
2-0: Swinging Strike
2-1: Swinging Strike
2-2: Strikes out swinging
Top of the 2nd over - 0 runs, 0 hits, 0 errors, 0 left on base; Batavia 1 - Carolina 3
BOTTOM OF THE 2ND
Carolina Tobs batting - Pitching for Batavia Muckdogs : RHP Devin Behring
Batting: LHB Obie Biggs 0-0: Ball
1-0: DOUBLE (Line Drive, 7LM, EV 104.4 MPH)
Batting: SHB Sean Benjamin 0-0: Ball
1-0: Ball
2-0: SINGLE (Flyball, 8LM, EV 92.5 MPH)
Obie Biggs to third
Batting: LHB Spencer DeSimone 0-0: Foul Ball, location: 2F
0-1: Ball
1-1: Fielders Choice at 2nd, 4-6 (Groundball, 4, EV 81.2 MPH)
Obie Biggs scores
Batting: LHB Trent West 0-0: Called Strike
0-1: Ball
1-1: Called Strike
1-2: Strikes out looking
Batting: LHB Evan Turner 0-0: Foul Ball, location: 2F
0-1: Foul Ball, location: 2F
0-2: Ball
1-2: Strikes out swinging
Bottom of the 2nd over - 1 run, 2 hits, 0 errors, 1 left on base; Batavia 1 - Carolina 4
TOP OF THE 3RD
Batavia Muckdogs batting - Pitching for Carolina Tobs : RHP Joe Hodo
Batting: RHB Bowie Garcia 0-0: Ball
1-0: Ball
2-0: Ball
3-0: Called Strike
3-1: Foul Ball, location: 2F
3-2: Ground out 5-3 (Groundball, 56S, EV 80.0 MPH)
Batting: RHB Zeke Lebron 0-0: Called Strike
0-1: Ball
1-1: Ball
2-1: Foul Ball, location: 2F
2-2: Ball
3-2: Strikes out swinging
Batting: RHB Robbie McGath 0-0: Ground out 5-3 (Groundball, 56S, EV 77.5 MPH)
Top of the 3rd over - 0 runs, 0 hits, 0 errors, 0 left on base; Batavia 1 - Carolina 4
BOTTOM OF THE 3RD
Carolina Tobs batting - Pitching for Batavia Muckdogs : RHP Devin Behring
Batting: RHB Marcus Fahr 0-0: Called Strike
0-1: Ball
1-1: Ball
2-1: Foul Ball, location: 2F
2-2: Ground out 6-3 (Groundball, 6, EV 98.1 MPH)
Batting: LHB Kyle Siebert 0-0: Ball
1-0: Foul Ball, location: 2F
1-1: Foul Ball, location: 2F
1-2: Ground out 6-3 (Groundball, 6MD, EV 103.8 MPH)
Batting: RHB Rykeem Potts 0-0: Swinging Strike
0-1: Called Strike
0-2: Ball
1-2: Strikes out looking
Bottom of the 3rd over - 0 runs, 0 hits, 0 errors, 0 left on base; Batavia 1 - Carolina 4
TOP OF THE 4TH
Batavia Muckdogs batting - Pitching for Carolina Tobs : RHP Joe Hodo
Batting: LHB Donald Dworkin 0-0: Ball
1-0: Ground out U3 (Groundball, 34S, EV 88.1 MPH)
Batting: LHB Edward Schachter 0-0: Ball
1-0: Ball
2-0: Called Strike
2-1: Foul Ball, location: 2F
2-2: Strikes out swinging
Batting: RHB R.J. McCarthy 0-0: Ball
1-0: Ball
2-0: Swinging Strike
2-1: Called Strike
2-2: Foul Ball, location: 2F
2-2: Ball
3-2: SINGLE (Flyball, 89S, EV 90.6 MPH)
Batting: RHB Wade Cummins 0-0: Ball
1-0: Foul Ball, location: 2F
1-1: Ball
2-1: Foul Ball, location: 2F
2-2: Strikes out swinging
Top of the 4th over - 0 runs, 1 hit, 0 errors, 1 left on base; Batavia 1 - Carolina 4
BOTTOM OF THE 4TH
Carolina Tobs batting - Pitching for Batavia Muckdogs : RHP Devin Behring
Batting: LHB Clay Newhouse 0-0: Swinging Strike
0-1: Ball
1-1: Ball
2-1: Foul Ball, location: 2F
2-2: Ball
3-2: Fly out, F9 (Flyball, 9D, EV 97.5 MPH)
Batting: LHB Obie Biggs 0-0: Called Strike
0-1: Ball
1-1: Ball
2-1: Foul Ball, location: 2F
2-2: Strikes out swinging
Batting: SHB Sean Benjamin 0-0: Ball
1-0: Ball
2-0: Called Strike
2-1: Ball
3-1: Swinging Strike
3-2: Base on Balls
Batting: LHB Spencer DeSimone 0-0: Ball
Sean Benjamin steals 2nd, throwing error, E2
Sean Benjamin to third
1-0: Called Strike
1-1: Ground out 3-1 (Groundball, 34, EV 82.5 MPH)
Bottom of the 4th over - 0 runs, 0 hits, 1 error, 1 left on base; Batavia 1 - Carolina 4
TOP OF THE 5TH
Batavia Muckdogs batting - Pitching for Carolina Tobs : RHP Joe Hodo
Batting: RHB Colby Cooper 0-0: Ball
1-0: Ball
2-0: Ball
3-0: Base on Balls
Batting: RHB Destin Fransen 0-0: Ball
1-0: Foul Ball, location: 2F
1-1: Called Strike
1-2: Foul Ball, location: 2F
1-2: Grounds into double play, 5-4-3 (Groundball, 56S, EV 85.0 MPH)
Batting: RHB Bowie Garcia 0-0: Ball
1-0: Ball
2-0: Ball
3-0: Called Strike
3-1: Called Strike
3-2: Strikes out swinging
Top of the 5th over - 0 runs, 0 hits, 0 errors, 0 left on base; Batavia 1 - Carolina 4
BOTTOM OF THE 5TH
Carolina Tobs batting - Pitching for Batavia Muckdogs : RHP Devin Behring
Batting: LHB Trent West 0-0: Called Strike
0-1: Ball
1-1: Fly out, F7 (Flyball, 78D, EV 96.9 MPH)
Batting: LHB Evan Turner 0-0: Ball
1-0: Foul Ball, location: 2F
1-1: Ball
2-1: Swinging Strike
2-2: Strikes out swinging
Batting: RHB Marcus Fahr 0-0: Ground out 5-3 (Groundball, 56S, EV 85.0 MPH)
Bottom of the 5th over - 0 runs, 0 hits, 0 errors, 0 left on base; Batavia 1 - Carolina 4
TOP OF THE 6TH
Batavia Muckdogs batting - Pitching for Carolina Tobs : RHP Joe Hodo
Batting: RHB Zeke Lebron 0-0: Called Strike
0-1: Ball
1-1: Swinging Strike
1-2: Ball
2-2: Strikes out swinging
Batting: RHB Robbie McGath 0-0: Ball
1-0: Ball
2-0: Ball
3-0: Called Strike
3-1: Base on Balls
Batting: LHB Donald Dworkin 0-0: Fly out, F8 (Flyball, 8LXD, EV 95.6 MPH)
Batting: LHB Edward Schachter 0-0: Called Strike
0-1: Ball
1-1: Called Strike
Robbie McGath steals 2nd base
1-2: SINGLE (Line Drive, 89S, EV 92.5 MPH)
Robbie McGath to third
Runner from 3rd tries for Home, SAFE, throw by RF to home
Batting: RHB R.J. McCarthy 0-0: Foul Ball, location: 2F
0-1: Ball
1-1: Swinging Strike
1-2: Strikes out swinging
Top of the 6th over - 1 run, 1 hit, 0 errors, 1 left on base; Batavia 2 - Carolina 4
BOTTOM OF THE 6TH
Carolina Tobs batting - Pitching for Batavia Muckdogs : RHP Devin Behring
Pitching: LHP Bailey Grundy
Batting: LHB Kyle Siebert 0-0: Ball
1-0: Ball
2-0: Called Strike
2-1: Ball
3-1: Fly out, F8 (Line Drive, 8RM, EV 85.6 MPH)
Batting: RHB Rykeem Potts 0-0: Hit by Pitch
Batting: LHB Clay Newhouse 0-0: Ball
1-0: Foul Ball, location: 2F
1-1: Foul Ball, location: 2F
1-2: Strikes out swinging
Batting: LHB Obie Biggs 0-0: Ball
1-0: Ball
2-0: SINGLE (Line Drive, 7S, EV 93.8 MPH)
Rykeem Potts to second
Runner from 2nd tries for 3rd, SAFE, throw by LF made to third
Batting: SHB Sean Benjamin 0-0: Foul Ball, location: 2F
0-1: Called Strike
0-2: Ball
1-2: Ball
2-2: Strikes out swinging
Bottom of the 6th over - 0 runs, 1 hit, 0 errors, 2 left on base; Batavia 2 - Carolina 4
TOP OF THE 7TH
Batavia Muckdogs batting - Pitching for Carolina Tobs : RHP Joe Hodo
Batting: RHB Wade Cummins 0-0: Foul Ball, location: 2F
0-1: Ball
1-1: Ball
2-1: Ground out 6-3 (Groundball, 4M, EV 82.5 MPH)
Pitching: LHP Miles Licon
Batting: RHB Colby Cooper 0-0: Ball
1-0: Ball
2-0: Called Strike
2-1: Swinging Strike
2-2: Ball
3-2: Strikes out looking
Batting: RHB Destin Fransen 0-0: SINGLE (Line Drive, 8RS, EV 100.0 MPH)
Batting: RHB Bowie Garcia 0-0: Fly out, F8 (Flyball, 8RD, EV 97.5 MPH)
Top of the 7th over - 0 runs, 1 hit, 0 errors, 1 left on base; Batavia 2 - Carolina 4
BOTTOM OF THE 7TH
Carolina Tobs batting - Pitching for Batavia Muckdogs : LHP Bailey Grundy
Batting: LHB Spencer DeSimone 0-0: Ball
1-0: Fly out, F9 (Flyball, 9LMF, EV 90.6 MPH)
Batting: LHB Trent West 0-0: Ball
1-0: Ball
2-0: Ball
3-0: Called Strike
3-1: SINGLE (Groundball, 34D, EV 98.8 MPH)
Batting: LHB Evan Turner 0-0: Ball
1-0: Ball
2-0: Foul Ball, location: 2F
2-1: Fly out, F9 (Flyball, 9, EV 92.5 MPH)
Batting: RHB Marcus Fahr 0-0: Ball
1-0: SINGLE (Groundball, 6MD, EV 104.4 MPH)
Trent West to second
Runner from 2nd tries for 3rd, SAFE, throw by CF made to third
Batting: LHB Kyle Siebert 0-0: Called Strike
0-1: Foul Ball, location: 2F
0-2: Ball
1-2: Foul Ball, location: 2F
1-2: TRIPLE (Flyball, 89XD, EV 99.4 MPH)
Trent West scores
Marcus Fahr scores
Batting: RHB Rykeem Potts 0-0: Swinging Strike
0-1: Foul Ball, location: 2F
0-2: Ball
1-2: Hit by Pitch
Batting: LHB Clay Newhouse 0-0: Foul Ball, location: 2F
0-1: Fly out, F7 (Flyball, 78M, EV 80.0 MPH)
Bottom of the 7th over - 2 runs, 3 hits, 0 errors, 2 left on base; Batavia 2 - Carolina 6
TOP OF THE 8TH
Batavia Muckdogs batting - Pitching for Carolina Tobs : LHP Miles Licon
Batting: RHB Zeke Lebron 0-0: Ball
1-0: Fly out, F7 (Flyball, 7LSF, EV 91.9 MPH)
Batting: RHB Robbie McGath 0-0: DOUBLE (Groundball, 5L, EV 101.2 MPH)
Batting: LHB Donald Dworkin 0-0: SINGLE (Line Drive, 6D, EV 106.9 MPH)
Robbie McGath to third
Batting: LHB Edward Schachter 0-0: Fly out, F7 (Flyball, 7D, EV 100.0 MPH)
Runner from 3rd tags up, SCORES, no throw by LF
Batting: RHB R.J. McCarthy 0-0: Swinging Strike
0-1: Called Strike
0-2: Ball
1-2: Foul Ball, location: 2F
1-2: Ground out 4-3 (Groundball, 4, EV 106.2 MPH)
Top of the 8th over - 1 run, 2 hits, 0 errors, 1 left on base; Batavia 3 - Carolina 6
BOTTOM OF THE 8TH
Carolina Tobs batting - Pitching for Batavia Muckdogs : LHP Bailey Grundy
Batting: LHB Obie Biggs 0-0: Ball
1-0: Fly out, F8 (Flyball, 78S, EV 89.4 MPH)
Batting: SHB Sean Benjamin 0-0: Called Strike
0-1: Called Strike
0-2: Ball
1-2: Strikes out swinging
Batting: LHB Spencer DeSimone 0-0: Fly out, F7 (Flyball, 78D, EV 87.5 MPH)
Bottom of the 8th over - 0 runs, 0 hits, 0 errors, 0 left on base; Batavia 3 - Carolina 6
TOP OF THE 9TH
Batavia Muckdogs batting - Pitching for Carolina Tobs : LHP Miles Licon
Pitching: RHP Dalton Blair
Batting: RHB Wade Cummins 0-0: Called Strike
0-1: Foul Ball, location: 2F
0-2: Foul Ball, location: 2F
0-2: Ball
1-2: Ball
2-2: Ball
3-2: Strikes out swinging, 2-3 out at first.
Batting: RHB Colby Cooper 0-0: Ball
1-0: Ball
2-0: Called Strike
2-1: Foul Ball, location: 2F
2-2: Strikes out swinging
Batting: RHB Destin Fransen 0-0: Ball
1-0: Called Strike
1-1: Foul Ball, location: 2F
1-2: Ball
2-2: Ground out 4-3 (Groundball, 4, EV 83.1 MPH)
Top of the 9th over - 0 runs, 0 hits, 0 errors, 0 left on base; Batavia 3 - Carolina 6
Wednesday, May 1st , 2024 - OOTP Baseball 23.10 Build 110